TOP OF THE 1ST |
Ogden Raptors batting - Pitching for Washington (APP) Nationals : RHP Romel Padua
|
Pitching: RHP Romel Padua
|
|
Batting: RHB Jason Baldwin
|
0-0: Called Strike 0-1: Swinging Strike 0-2: Fly out, F8 (Flyball, 8LM, EV 88.8 MPH)
|
Batting: RHB Tommy Hunter
|
0-0: Ground out 5-3 (Groundball, 5, EV 85.6 MPH)
|
Batting: LHB Tore Bosch
|
0-0: Called Strike 0-1: Ball 1-1: Ball 2-1: Called Strike 2-2: Ground out 4-3 (Groundball, 34, EV 85.0 MPH)
|
Top of the 1st over - 0 runs, 0 hits, 0 errors, 0 left on base; Ogden 0 - Washington (APP) 0 |
BOTTOM OF THE 1ST |
Washington (APP) Nationals batting - Pitching for Ogden Raptors : LHP Jonathan Daniels
|
Pitching: LHP Jonathan Daniels
|
|
Batting: LHB Chris Williams
|
0-0: Ball 1-0: Called Strike 1-1: Bunt missed! 1-2: Ball 2-2: Foul Ball, location: 2F 2-2: Foul Ball, location: 2F 2-2: Strikes out swinging
|
Batting: RHB Xavier Reeves
|
0-0: Called Strike 0-1: Ball 1-1: Swinging Strike 1-2: Foul Ball, location: 2F 1-2: Strikes out swinging
|
Batting: RHB Justin Davenport
|
0-0: Foul Ball, location: 2F 0-1: Swinging Strike 0-2: Ball 1-2: Ball 2-2: SINGLE (Flyball, 89S, EV 88.1 MPH)
|
Batting: RHB Antonio Vallez
|
0-0: Ball 1-0: Foul Ball, location: 2F 1-1: Ball Pickoff Throw to First - Out! 1-3 CS
|
Bottom of the 1st over - 0 runs, 1 hit, 0 errors, 0 left on base; Ogden 0 - Washington (APP) 0 |
TOP OF THE 2ND |
Ogden Raptors batting - Pitching for Washington (APP) Nationals : RHP Romel Padua
|
Batting: LHB Steve Pond
|
0-0: Ball 1-0: Called Strike 1-1: Called Strike 1-2: Ball 2-2: Strikes out swinging
|
Batting: RHB Jerry Sanchez
|
0-0: Ball 1-0: Ball 2-0: Fly out, F9 (Flyball, 9LSF, EV 90.6 MPH)
|
Batting: RHB Justin Curran
|
0-0: Ground out 6-3 (Groundball, 6, EV 78.1 MPH)
|
Top of the 2nd over - 0 runs, 0 hits, 0 errors, 0 left on base; Ogden 0 - Washington (APP) 0 |
BOTTOM OF THE 2ND |
Washington (APP) Nationals batting - Pitching for Ogden Raptors : LHP Jonathan Daniels
|
Batting: RHB Antonio Vallez
|
0-0: Called Strike 0-1: Swinging Strike 0-2: Ball 1-2: Ball 2-2: Fly out, F6 (Popup, 6, EV 56.9 MPH)
|
Batting: SHB Curtis DeLille
|
0-0: Called Strike 0-1: Foul Ball, location: 2F 0-2: Strikes out swinging
|
Batting: RHB Er Le
|
0-0: Ball 1-0: Foul Ball, location: 2F 1-1: Ball 2-1: Ball 3-1: SINGLE (Line Drive, 9S, EV 85.6 MPH)
|
Batting: RHB Justin Van Houten
|
0-0: Ground out 5-3 (Groundball, 56S, EV 81.9 MPH)
|
Bottom of the 2nd over - 0 runs, 1 hit, 0 errors, 1 left on base; Ogden 0 - Washington (APP) 0 |
TOP OF THE 3RD |
Ogden Raptors batting - Pitching for Washington (APP) Nationals : RHP Romel Padua
|
Batting: RHB Bob Magana
|
0-0: Called Strike 0-1: Ball 1-1: Ball 2-1: Ball 3-1: Foul Ball, location: 2F 3-2: Base on Balls
|
Batting: RHB Chad Rojas
|
0-0: Called Strike 0-1: Foul Ball, location: 2F 0-2: Ball 1-2: Ball 2-2: Foul Ball, location: 2F 2-2: Ball 3-2: Foul Ball, location: 2F 3-2: Base on Balls Bob Magana to second
|
Batting: SHB Josh Vaill
|
0-0: Ball 1-0: Called Strike 1-1: Ball 2-1: Called Strike 2-2: Hit by Pitch Bob Magana to third Chad Rojas to second
|
Batting: RHB Jason Baldwin
|
0-0: Foul Ball, location: 2F 0-1: Foul Ball, location: 2F 0-2: Foul Ball, location: 2F 0-2: Fly out, F7 (Flyball, 7, EV 85.0 MPH) Runner from 3rd tags up, SCORES, throw by LF
|
Batting: RHB Tommy Hunter
|
0-0: Fly out, F9 (Flyball, 9, EV 87.5 MPH)
|
Batting: LHB Tore Bosch
|
0-0: Called Strike 0-1: Ball 1-1: Ball 2-1: SINGLE (Groundball, 6MD, EV 95.6 MPH) Chad Rojas to third Josh Vaill to second Runner from 3rd tries for Home, throw by CF and OUT! 8-2
|
Top of the 3rd over - 1 run, 1 hit, 0 errors, 2 left on base; Ogden 1 - Washington (APP) 0 |
BOTTOM OF THE 3RD |
Washington (APP) Nationals batting - Pitching for Ogden Raptors : LHP Jonathan Daniels
|
Batting: RHB Taffounnout Kame
|
0-0: Ball 1-0: Called Strike 1-1: Fly out, F8 (Flyball, 8RM, EV 84.4 MPH)
|
Batting: LHB Tony Olvera
|
0-0: Ball 1-0: Called Strike 1-1: Ball 2-1: Foul Ball, location: 2F 2-2: Strikes out swinging
|
Batting: LHB Chris Williams
|
0-0: Ball 1-0: Fly out, F8 (Flyball, 8RM, EV 84.4 MPH)
|
Bottom of the 3rd over - 0 runs, 0 hits, 0 errors, 0 left on base; Ogden 1 - Washington (APP) 0 |
TOP OF THE 4TH |
Ogden Raptors batting - Pitching for Washington (APP) Nationals : RHP Romel Padua
|
Batting: LHB Steve Pond
|
0-0: Foul Ball, location: 2F 0-1: Foul Ball, location: 2F 0-2: Foul Ball, location: 2F 0-2: Ball 1-2: Strikes out swinging
|
Batting: RHB Jerry Sanchez
|
0-0: Ball 1-0: Ball 2-0: Foul Ball, location: 2F 2-1: Foul Ball, location: 2F 2-2: Ball 3-2: Base on Balls
|
Batting: RHB Justin Curran
|
0-0: Called Strike 0-1: Ground out 5-3 (Groundball, 15, EV 88.8 MPH) Jerry Sanchez to second
|
Batting: RHB Bob Magana
|
0-0: Ball 1-0: Foul Ball, location: 2F 1-1: Foul Ball, location: 2F 1-2: Ball 2-2: Strikes out swinging
|
Top of the 4th over - 0 runs, 0 hits, 0 errors, 1 left on base; Ogden 1 - Washington (APP) 0 |
BOTTOM OF THE 4TH |
Washington (APP) Nationals batting - Pitching for Ogden Raptors : LHP Jonathan Daniels
|
Batting: RHB Xavier Reeves
|
0-0: Foul Ball, location: 2F 0-1: Ground out 6-3 (Groundball, 6, EV 106.2 MPH)
|
Batting: RHB Justin Davenport
|
0-0: Ball 1-0: Foul Ball, location: 2F 1-1: Swinging Strike 1-2: Ball 2-2: DOUBLE (Line Drive, 7LM, EV 110.6 MPH)
|
Batting: RHB Antonio Vallez
|
0-0: Swinging Strike 0-1: Ball 1-1: Fly out, F9 (Flyball, 9, EV 93.1 MPH)
|
Batting: SHB Curtis DeLille
|
0-0: Ball 1-0: Foul Ball, location: 2F 1-1: Ball 2-1: Foul Ball, location: 2F 2-2: Foul Ball, location: 2F 2-2: Foul Ball, location: 2F 2-2: Ball 3-2: Fly out, F8 (Flyball, 8LXD, EV 103.1 MPH)
|
Bottom of the 4th over - 0 runs, 1 hit, 0 errors, 1 left on base; Ogden 1 - Washington (APP) 0 |
TOP OF THE 5TH |
Ogden Raptors batting - Pitching for Washington (APP) Nationals : RHP Romel Padua
|
Batting: RHB Chad Rojas
|
0-0: Called Strike 0-1: Ball 1-1: Swinging Strike 1-2: Foul Ball, location: 2F 1-2: Ground out 6-3 (Groundball, 6, EV 100.6 MPH)
|
Batting: SHB Josh Vaill
|
0-0: Ball 1-0: Ball 2-0: Ball 3-0: Base on Balls
|
Batting: RHB Jason Baldwin
|
0-0: Called Strike 0-1: Ball 1-1: Swinging Strike 1-2: Ball 2-2: Fly out, F7 (Flyball, 7D, EV 104.4 MPH)
|
Pitching: RHP Faradur Bhutani
|
|
Batting: RHB Tommy Hunter
|
0-0: Ball 1-0: Swinging Strike 1-1: Ball 2-1: Swinging Strike 2-2: Strikes out swinging
|
Top of the 5th over - 0 runs, 0 hits, 0 errors, 1 left on base; Ogden 1 - Washington (APP) 0 |
BOTTOM OF THE 5TH |
Washington (APP) Nationals batting - Pitching for Ogden Raptors : LHP Jonathan Daniels
|
Batting: RHB Er Le
|
0-0: Called Strike 0-1: Ball 1-1: Foul Ball, location: 2F 1-2: Foul Ball, location: 2F 1-2: Ball 2-2: Strikes out swinging
|
Batting: RHB Justin Van Houten
|
0-0: Ball 1-0: Fly out, F9 (Line Drive, 9, EV 98.8 MPH)
|
Batting: RHB Taffounnout Kame
|
0-0: Ball 1-0: SINGLE (Groundball, 56D, EV 99.4 MPH)
|
Batting: LHB Tony Olvera
|
0-0: Ball 1-0: Called Strike Taffounnout Kame steals 2nd, throwing error, E2 Taffounnout Kame to third 1-1: Foul Ball, location: 2F 1-2: Strikes out swinging
|
Bottom of the 5th over - 0 runs, 1 hit, 1 error, 1 left on base; Ogden 1 - Washington (APP) 0 |
TOP OF THE 6TH |
Ogden Raptors batting - Pitching for Washington (APP) Nationals : RHP Faradur Bhutani
|
Batting: LHB Tore Bosch
|
0-0: Called Strike 0-1: Ball 1-1: Swinging Strike 1-2: Ball 2-2: Ball 3-2: Foul Ball, location: 2F 3-2: Fly out, F8 (Flyball, 8RD, EV 84.4 MPH)
|
Batting: LHB Steve Pond
|
0-0: Ball 1-0: Foul Ball, location: 2F 1-1: Ball 2-1: Ball 3-1: Called Strike 3-2: Foul Ball, location: 2F 3-2: Fly out, F8 (Flyball, 8RXD, EV 107.5 MPH)
|
Batting: RHB Jerry Sanchez
|
0-0: Ground out 5-3 (Groundball, 56, EV 97.5 MPH)
|
Top of the 6th over - 0 runs, 0 hits, 0 errors, 0 left on base; Ogden 1 - Washington (APP) 0 |
BOTTOM OF THE 6TH |
Washington (APP) Nationals batting - Pitching for Ogden Raptors : LHP Jonathan Daniels
|
Batting: LHB Chris Williams
|
0-0: Called Strike 0-1: Swinging Strike 0-2: Ball 1-2: Strikes out swinging
|
Pitching: LHP Randy Dupuis
|
|
Batting: RHB Xavier Reeves
|
0-0: Swinging Strike 0-1: Swinging Strike 0-2: Foul Ball, location: 2F 0-2: Strikes out swinging
|
Batting: RHB Justin Davenport
|
0-0: Ball 1-0: Ground out 6-3 (Groundball, 56, EV 110.0 MPH)
|
Bottom of the 6th over - 0 runs, 0 hits, 0 errors, 0 left on base; Ogden 1 - Washington (APP) 0 |
TOP OF THE 7TH |
Ogden Raptors batting - Pitching for Washington (APP) Nationals : RHP Faradur Bhutani
|
Batting: RHB Justin Curran
|
0-0: Ball 1-0: Called Strike 1-1: Called Strike 1-2: Foul Ball, location: 2F 1-2: Foul Ball, location: 2F 1-2: Ball 2-2: Ball 3-2: Foul Ball, location: 2F 3-2: Base on Balls
|
Batting: RHB Bob Magana
|
0-0: Swinging Strike 0-1: Ball 1-1: Foul Ball, location: 2F 1-2: Strikes out swinging
|
Pitching: RHP Omar Perez
|
|
Batting: RHB Chad Rojas
|
0-0: Ball 1-0: Foul Ball, location: 2F 1-1: Ball 2-1: Foul Ball, location: 2F 2-2: Hit by Pitch Justin Curran to second
|
Batting: SHB Josh Vaill
|
0-0: Called Strike 0-1: Called Strike 0-2: Ball 1-2: Ball 2-2: SINGLE (Flyball, 89S, EV 98.8 MPH) Justin Curran to third Chad Rojas to second Runner from 3rd tries for Home, SAFE, throw by RF to home
|
Batting: RHB Jason Baldwin
|
0-0: Ball 1-0: Called Strike Chad Rojas is caught stealing 3rd base 2-5 1-1: Ball 2-1: Swinging Strike 2-2: Foul Ball, location: 2F 2-2: Foul Ball, location: 2F 2-2: Strikes out looking
|
Top of the 7th over - 1 run, 1 hit, 0 errors, 1 left on base; Ogden 2 - Washington (APP) 0 |
BOTTOM OF THE 7TH |
Washington (APP) Nationals batting - Pitching for Ogden Raptors : LHP Randy Dupuis
|
Batting: RHB Antonio Vallez
|
0-0: Called Strike 0-1: Swinging Strike 0-2: Strikes out swinging
|
Batting: SHB Curtis DeLille
|
0-0: Ball 1-0: Ball 2-0: DOUBLE (Line Drive, 7LD, EV 114.4 MPH)
|
Batting: RHB Er Le
|
0-0: Called Strike 0-1: Swinging Strike 0-2: Ball 1-2: Strikes out swinging
|
Batting: RHB Justin Van Houten
|
0-0: Ball 1-0: Foul Ball, location: 2F 1-1: Ball 2-1: 2-RUN HOME RUN (Flyball, 9LD, EV 93.8 MPH), Distance : 341 ft
|
Batting: RHB Taffounnout Kame
|
0-0: Ball 1-0: Ball 2-0: SINGLE (Groundball, 56D, EV 107.5 MPH)
|
Pinch Hitting: RHB Vasag Semerjian
|
0-0: Ball Taffounnout Kame steals 2nd base (no throw) 1-0: Ball 2-0: Ball 3-0: Called Strike 3-1: Called Strike 3-2: Fly out, F8 (Flyball, 8RS, EV 80.6 MPH)
|
Bottom of the 7th over - 2 runs, 3 hits, 0 errors, 1 left on base; Ogden 2 - Washington (APP) 2 |
TOP OF THE 8TH |
Ogden Raptors batting - Pitching for Washington (APP) Nationals : RHP Omar Perez
|
Now in LF: Steve Kunselman
|
|
Now in CF: Justin Van Houten
|
|
Batting: RHB Tommy Hunter
|
0-0: Ball 1-0: Ball 2-0: Ground out 6-3 (Groundball, P, EV 91.2 MPH)
|
Batting: LHB Tore Bosch
|
0-0: SOLO HOME RUN (Line Drive, 9D, EV 93.1 MPH), Distance : 360 ft
|
Batting: LHB Steve Pond
|
0-0: Foul Ball, location: 2F 0-1: Called Strike 0-2: Foul Ball, location: 2F 0-2: Strikes out swinging
|
Pitching: RHP Steve Schneider
|
|
Batting: RHB Jerry Sanchez
|
0-0: Foul Ball, location: 2F 0-1: Called Strike 0-2: Ball 1-2: Ball 2-2: Strikes out swinging
|
Top of the 8th over - 1 run, 1 hit, 0 errors, 0 left on base; Ogden 3 - Washington (APP) 2 |
BOTTOM OF THE 8TH |
Washington (APP) Nationals batting - Pitching for Ogden Raptors : LHP Randy Dupuis
|
Batting: LHB Chris Williams
|
0-0: Called Strike 0-1: Ball 1-1: Called Strike 1-2: Foul Ball, location: 2F 1-2: Foul Ball, location: 2F 1-2: Strikes out swinging
|
Batting: RHB Xavier Reeves
|
0-0: Ball 1-0: Ball 2-0: Called Strike 2-1: Ball 3-1: Called Strike 3-2: Strikes out swinging
|
Batting: RHB Justin Davenport
|
0-0: Ball 1-0: SINGLE (Flyball, 56D, EV 87.5 MPH)
|
Pitching: RHP Francisco Guzman
|
|
Batting: RHB Antonio Vallez
|
0-0: Called Strike 0-1: Called Strike 0-2: Ball 1-2: Foul Ball, location: 2F 1-2: Ball 2-2: Fly out, F8 (Flyball, 78S, EV 73.8 MPH)
|
Bottom of the 8th over - 0 runs, 1 hit, 0 errors, 1 left on base; Ogden 3 - Washington (APP) 2 |
TOP OF THE 9TH |
Ogden Raptors batting - Pitching for Washington (APP) Nationals : RHP Steve Schneider
|
Batting: RHB Justin Curran
|
0-0: Called Strike 0-1: Foul Ball, location: 2F 0-2: Strikes out swinging, 2-3 out at first.
|
Batting: RHB Bob Magana
|
0-0: Called Strike 0-1: SINGLE (Groundball, 6D, EV 100.6 MPH)
|
Batting: RHB Chad Rojas
|
0-0: Ball 1-0: Ball 2-0: Ball Passed Ball! Bob Magana to second 3-0: Called Strike 3-1: Foul Ball, location: 2F 3-2: Foul Ball, location: 2F 3-2: Ground out 6-3 (Groundball, 6S, EV 70.0 MPH) Bob Magana to third
|
Batting: SHB Josh Vaill
|
0-0: Ball 1-0: Ball Wild Pitch! Bob Magana scores 2-0: Foul Ball, location: 2F 2-1: Ball 3-1: Base on Balls
|
Batting: RHB Jason Baldwin
|
0-0: Ball 1-0: Ball 2-0: Ball 3-0: Base on Balls Josh Vaill to second
|
Pitching: RHP Greg Hall
|
|
Batting: RHB Tommy Hunter
|
0-0: Swinging Strike 0-1: SINGLE (Groundball, 56D, EV 105.0 MPH) Josh Vaill to third Jason Baldwin to second Runner from 3rd tries for Home, SAFE, throw by LF to home
|
Batting: LHB Tore Bosch
|
0-0: Called Strike 0-1: Foul Ball, location: 2F 0-2: Ball 1-2: Strikes out looking
|
Top of the 9th over - 2 runs, 2 hits, 0 errors, 2 left on base; Ogden 5 - Washington (APP) 2 |
BOTTOM OF THE 9TH |
Washington (APP) Nationals batting - Pitching for Ogden Raptors : RHP Francisco Guzman
|
Pitching: RHP Jared Wisham
|
|
Batting: SHB Curtis DeLille
|
0-0: Ball 1-0: Ball 2-0: SOLO HOME RUN (Flyball, 9D, EV 96.2 MPH), Distance : 349 ft
|
Pinch Hitting: LHB Vince McLane
|
0-0: TRIPLE (Line Drive, 78XD, EV 106.9 MPH)
|
Batting: RHB Justin Van Houten
|
0-0: Swinging Strike 0-1: Fly out, F8 (Line Drive, 8LM, EV 95.0 MPH)
|
Batting: RHB Taffounnout Kame
|
0-0: Called Strike 0-1: Fly out, F8 (Flyball, 8LD, EV 105.0 MPH) Runner from 3rd tags up, SCORES, no throw by CF
|
Batting: RHB Steve Kunselman
|
0-0: Called Strike 0-1: Ball 1-1: Swinging Strike 1-2: Strikes out swinging
|
Bottom of the 9th over - 2 runs, 2 hits, 0 errors, 0 left on base; Ogden 5 - Washington (APP) 4 |
|